 Dungeon Crawl Stone Soup version 0.27-a0-1557-g57f10a385c (webtiles) character file.

Game seed: 13887367196930929318

4 lunkers the Ruffian (level 1, 0/17 HPs)
             Began as a Ghoul Warper on July 15, 2021.
             Slain by a quokka (2 damage)
             ... on level 1 of the Dungeon.
             The game lasted 00:00:22 (269 turns).

lunkers the Ruffian (Ghoul Warper)                   Turns: 269, Time: 00:00:23

Health: 0/17       AC:  4    Str: 14    XL:     1   Next: 70%
Magic:  2/2        EV: 11    Int:  8    God:
Gold:   36         SH:  0    Dex:  8    Spells: 3/3 levels left

rFire    . . .     SeeInvis .     - Unarmed
rCold    + . .     Faith    .   (no shield)
rNeg     + + +     Spirit   .   a - +0 leather armour
rPois    ∞         Reflect  .   e - +0 helmet
rElec    .         Harm     .   (no cloak)
rCorr    .         Rampage  .   (no gloves)
Will     .....                  (no boots)
Stlth    +.........             (no amulet)
HPRegen  0.00/turn              (no ring)
MPRegen  0.08/turn              (no ring)

@: no status effects
A: claws 1, cold resistance 1, negative energy resistance 3, inhibited
regeneration, torment resistance 2
a: no special abilities


You were on level 1 of the Dungeon.
You visited 1 branch of the dungeon, and saw 1 of its levels.

You collected 36 gold pieces.

Inventory:

Missiles
 c - 5 boomerangs of dispersal
Armour
 a - a +0 leather armour (worn)
 e - a +0 helmet (worn)
Scrolls
 b - a scroll of blinking
 d - a scroll of torment {unknown}


   Skills:
 - Level 2.1 Fighting
 - Level 0.8 Throwing
 - Level 0.8 Armour
 - Level 1.7 Dodging
 * Level 2.7 Unarmed Combat
 - Level 1.7 Spellcasting
 - Level 2.6 Translocations


You had 3 spell levels left.
You didn't know any spells.
Your spell library contained the following spells:

 Spells                   Type           Power      Damage    Failure   Level
 Blink                    Tloc           N/A        N/A       22%         2
 Gell's Gravitas          Tloc           2%         N/A       41%         3
 Lesser Beckoning         Tloc           2%         N/A       41%         3
 Teleport Other           Tloc           5%         N/A       41%         3
 Manifold Assault         Tloc           5%         N/A       99%         5


Dungeon Overview and Level Annotations

Branches:
Dungeon (1/15)

Altars:


Innate Abilities, Weirdness & Mutations

You thrive by killing the living.
You are immune to poison.
You have sharp fingernails.
Your flesh is cold resistant. (rC+)
You are immune to negative energy. (rN+++)
You do not regenerate when monsters are visible.
You are immune to unholy pain and torment.


Message History

You now have 36 gold pieces (gained 12).
Key pressed, stopping explore.
No target in view!
No target in view!
A quokka comes into view.
A frilled lizard comes into view.
The frilled lizard hisses angrily.
There are monsters nearby!
A goblin comes into view. It is wielding a +0 dagger.
Found 18 stones.
The goblin shouts!
The quokka bites you but does no damage.
The quokka barely misses you.
You barely miss the quokka. The quokka barely misses you.
You scratch the quokka.
The quokka is moderately wounded.
The quokka closely misses you.
You scratch the quokka.
The quokka is heavily wounded.
The quokka bites you.
You barely miss the quokka.
The quokka is heavily wounded.
The quokka bites you. The goblin hits you but does no damage.
You barely miss the quokka.
The quokka is heavily wounded.
The quokka bites you but does no damage.
The goblin hits you but does no damage.
You miss the quokka.
The quokka is heavily wounded.
The quokka bites you.
* * * LOW HITPOINT WARNING * * *
The goblin hits you with a +0 dagger.
* * * LOW HITPOINT WARNING * * *
The quokka bites you.
* * * LOW HITPOINT WARNING * * *
The quokka completely misses you. The quokka barely misses you.
You miss the quokka.
The quokka is heavily wounded.
The quokka bites you.
You die...

#.........# ###.#. .#
#.........# #... ..#
#.........######.. ...
#............##... #.##
#.........#.......
#...##.........##....#.
#..[...#...............
#....###...............
#.(..)@r....#.#........
#....###l...#..........
#........g....#........
........#................
..#....#........#........
.......#.####...##.......
#####............##.....#
###.....####.#######.
.................#.


You could see a quokka, a goblin and a frilled lizard.

Vanquished Creatures
  A goblin (D:1)
  2 jackals (D:1)
  A ball python (D:1)
4 creatures vanquished.

Notes
Turn   | Place    | Note
-------+----------+-------------------------------------------
     0 | D:1      | lunkers the Ghoul Warper began the quest for the Orb.
     0 | D:1      | Reached XP level 1. HP: 17/17 MP: 2/2
   269 | D:1      | Slain by a quokka

Illustrated notes

Levels and vault maps discovered:
D:1:      psy_arrival_basics, layout_rooms,
          hellmonk_ecumenical_altar_inner_sanctum

Action                   || total
-------------------------++-------
Melee: Unarmed           ||    23
       Punch             ||     1
Armor: Leather armour    ||    12
Dodge: Dodged            ||    15

Table legend: (Time is in decaauts)
 A = Elapsed time spent in this place.
 B = Non-inter-level travel time spent in this place.
 C = Inter-level travel time spent in this place.
 D = Time resting spent in this place.
 E = Time spent auto-exploring this place.
 F = Levels seen in this place.
 G = Mean time per level.
                   A        B        C        D        E       F      G
               +--------+--------+--------+--------+--------+-----+--------+
         Total |    267 |    238 |     29 |      0 |    183 |   1 |  267.0 |
       Dungeon |    267 |    238 |     29 |      0 |    183 |   1 |  267.0 |
               +--------+--------+--------+--------+--------+-----+--------+

Top non-repeatable levels by time:
     D:1: 267 daAuts
